[Event "ICS rated blitz match"]
[Site "192.231.221.16"]
[Date "1997.02.21"]
[Round "-"]
[White "Brause"]
[Black "DNAgene"]
[Result "1-0"]
[WhiteElo "2631"]
[BlackElo "2280"]
[TimeControl "300+3"]

1. e4 e6 2. d4 d5 3. c4 dxe4 4. Nc3 Nf6 5. f3 exf3 6. Nxf3 c5 7. d5 exd5 8.
cxd5 Bd6 9. Bb5+ Bd7 10. Qe2+ Qe7 11. Bxd7+ Nbxd7 12. Qxe7+ Kxe7 13. O-O
Rhe8 14. Nb5 Bb8 15. d6+ Kf8 16. Rd1 h6 17. b3 a6 18. Nc7 Bxc7 19. dxc7
Rac8 20. Bf4 Re6 21. Bg3 Ne8 22. Rxd7
{DNAgene resigns} 1-0

[Event "ICS rated blitz match"]
[Site "192.231.221.16"]
[Date "1997.02.21"]
[Round "-"]
[White "Brause"]
[Black "DNAgene"]
[Result "1-0"]
[WhiteElo "2639"]
[BlackElo "2272"]
[TimeControl "300+3"]

1. e4 e6 2. d4 d5 3. c4 dxe4 4. Nc3 Nf6 5. f3 exf3 6. Nxf3 c5 7. d5 exd5 8.
cxd5 Bd6 9. Bb5+ Bd7 10. Qe2+ Qe7 11. Bxd7+ Nbxd7 12. Qxe7+ Kxe7 13. O-O a6
14. Re1+ Kd8 15. Ng5 Rf8 16. b3 Kc7 17. Bb2 h6 18. Nge4 Be5 19. Nxf6 Bd4+
20. Kf1 Nxf6 21. Re7+ Nd7 22. Rae1 Bf6 23. R7e3 Bd4 24. Re7 Bf6 25. R7e3 b5
26. Bc1 Bxc3 27. Rxc3 Rae8 28. Bf4+ Kb6 29. Rec1 Rc8 30. Be3 a5 31. Bd4 f6
32. Kf2 b4 33. Rc4 Kb5 34. R1c2 Rfe8 35. h3 Re4 36. Kf3 Re1 37. Kf2 Re4 38.
Kf3 Ree8 39. Kf2 h5 40. g3 Re4 41. Bb2 Rce8 42. Rxe4 Rxe4 43. Kf3 Re1 44.
Rd2 a4 45. Kf2 Re8 46. bxa4+ Kxa4 47. Kf3 c4 48. Bd4 Kb5 49. Rb2 Ra8 50.
Kf4 Ra3 51. Re2 c3 52. Bf2 b3 53. axb3 Rxb3 54. Re6 c2 55. Rc6 Rb2 56. Be3
Ne5 57. Rb6+ Kc4 58. Rxb2 Nd3+ 59. Kf5 Nxb2 60. d6 Nd3 61. d7 c1=Q 62. Bxc1
{DNAgene resigns} 1-0

[Event "ICS rated blitz match"]
[Site "192.231.221.16"]
[Date "1997.02.21"]
[Round "-"]
[White "Brause"]
[Black "Alekhine1"]
[Result "1-0"]
[WhiteElo "2646"]
[BlackElo "2089"]
[TimeControl "180"]

1. e4 e6 2. d4 d5 3. c4 dxe4 4. Nc3 Nf6 5. f3 exf3 6. Nxf3 b6 7. Bg5 Be7 8.
Qc2 Bb7 9. O-O-O h6 10. Bxf6 Bxf6 11. d5 exd5 12. Nxd5 Bxd5 13. Qe2+ Qe7
14. Qxe7+ Kxe7 15. cxd5 Rd8 16. Bb5 Nd7 17. Rhe1+ Kf8 18. Bc6 Rab8 19. Rd3
a5 20. Rde3 Nc5 21. h4 g6 22. g4 g5 23. hxg5 hxg5 24. Rh1 Kg7 25. Kb1 Rh8
26. Rc1 Rh3 27. Bb5 Rd8 28. Bc6 Nd7 29. Bb7 Ne5 30. Rxe5 Rxf3 31. Re2 Rf4
32. Rxc7 Rxg4 33. a3 Rg1+ 34. Ka2 g4 35. Bc6 g3 36. Kb3 g2 37. d6 Rxd6 38.
Bxg2 b5 39. Be4 a4+ 40. Kb4 Be5 41. Kxb5 Rg4 42. Bf3 Rg5 43. Rc5 f6 44.
Kxa4 Rd4+ 45. b4 Rd3 46. Be4 Rh3 47. Rd2 Rgg3 48. Ra2 Bf4 49. Bf5 Rh5 50.
Rf2 Be5 51. Rd5 Rh1 52. Rd7+ Kf8 53. Rc2 Rc3 54. Rd8+ Ke7 55. Rcd2 Rf1 56.
R2d7#
{Alekhine1 checkmated} 1-0

[Event "ICS rated blitz match"]
[Site "192.231.221.16"]
[Date "1997.02.26"]
[Round "-"]
[White "Brause"]
[Black "Informer"]
[Result "1-0"]
[WhiteElo "2663"]
[BlackElo "2061"]
[TimeControl "300"]

1. e4 e6 2. d4 d5 3. c4 dxe4 4. Nc3 Nf6 5. f3 c5 6. d5 exd5 7. cxd5 exf3 8.
Nxf3 Bd6 9. Bb5+ Bd7 10. Qe2+ Qe7 11. Bxd7+ Nbxd7 12. Qxe7+ Kxe7 13. O-O a6
14. Re1+ Kd8 15. Ng5 Rf8 16. Nce4 Nxe4 17. Nxe4 Be5 18. Be3 f5 19. Nxc5
Bxb2 20. Ne6+
{Informer resigns} 1-0

[Event "ICS rated blitz match"]
[Site "192.231.221.16"]
[Date "1997.02.26"]
[Round "-"]
[White "Brause"]
[Black "DNAgene"]
[Result "1/2-1/2"]
[WhiteElo "2637"]
[BlackElo "2245"]
[TimeControl "300+12"]

1. e4 e6 2. d4 d5 3. c4 dxe4 4. Nc3 Nf6 5. f3 exf3 6. Nxf3 c5 7. d5 exd5 8.
cxd5 Be7 9. Bb5+ Bd7 10. d6 Bxb5 11. Nxb5 Qa5+ 12. Nc3 Bd8 13. Qe2+ Kd7 14.
O-O Nc6 15. Qc4 Rf8 16. Na4 Bb6 17. Rd1 Qb4 18. Nxb6+ axb6 19. Qd3 Qe4 20.
Qc3 Rae8 21. Bg5 Re6 22. Qb3 Qb4 23. Qc2 h6 24. Bxf6 Rxf6 25. Kh1 Re8 26.
a3 Qb5 27. Qh7 Rg6 28. Nh4 Rg5 29. Nf3 Rg6 30. Nh4 Rg5 31. Nf3 Rg6
{Game drawn by repetition} 1/2-1/2

[Event "ICS rated blitz match"]
[Site "164.58.253.13"]
[Date "1997.02.27"]
[Round "-"]
[White "Brause"]
[Black "Geist"]
[Result "1-0"]
[WhiteElo "2329"]
[BlackElo "2013"]
[TimeControl "180"]

1. e4 e6 2. d4 d5 3. c4 dxe4 4. Nc3 Nf6 5. f3 Bb4 6. Qa4+ Nc6 7. Be3 exf3
8. Nxf3 Bd7 9. Qb3 Qe7 10. a3 Bxc3+ 11. bxc3 b6 12. Bd3 h6 13. O-O O-O 14.
Bf4 Rac8 15. Rfe1 Rfe8 16. d5 Na5 17. Qa2 Ba4 18. dxe6 fxe6 19. Nd4 Qc5 20.
Re5 Qf8 21. Bg6 Re7 22. Nxe6 Rxe6 23. Rxe6 Bb3 24. Qb2 Bxc4 25. Ree1 Kh8
26. Rad1 Ng4 27. Rd4 c5 28. Rde4 Bd3 29. Bd6 Qg8 30. Rxg4 Bxg6 31. Rxg6 Nc4
32. Qb5 Qd5 33. Qd7
{Geist resigns} 1-0

[Event "ICS rated blitz match"]
[Site "164.58.253.13"]
[Date "1997.03.01"]
[Round "-"]
[White "Brause"]
[Black "wangle"]
[Result "1/2-1/2"]
[WhiteElo "2203"]
[BlackElo "2050"]
[TimeControl "120+3"]

1. e4 e6 2. d4 d5 3. c4 dxe4 4. Nc3 Nf6 5. f3 Bb4 6. Qa4+ Nc6 7. a3 Bxc3+
8. bxc3 O-O 9. Qc2 e3 10. Bxe3 b6 11. Bd3 Bb7 12. Ne2 h6 13. O-O Na5 14.
Nf4 Qe7 15. Rfe1 Rfd8 16. a4 c5 17. dxc5 bxc5 18. Qe2 Ba6 19. Rad1 Rd7 20.
Rd2 Rad8 21. Qf2 Rc7 22. Red1 Kh8 23. Qf1 Nb3 24. Rb2 Na5 25. Rbd2 Nb3 26.
Rb2 Na5 27. Rbd2
{Game drawn by repetition} 1/2-1/2

[Event "ICS rated blitz match"]
[Site "164.58.253.13"]
[Date "1997.03.01"]
[Round "-"]
[White "Brause"]
[Black "wangle"]
[Result "1-0"]
[WhiteElo "2204"]
[BlackElo "2048"]
[TimeControl "120+3"]

1. e4 e6 2. d4 d5 3. c4 dxe4 4. Nc3 Nf6 5. f3 Bb4 6. Qa4+ Nc6 7. Be3 O-O 8.
O-O-O Bxc3 9. bxc3 Bd7 10. Qa3 Ne7 11. Bg5 Bc6 12. d5 exd5 13. Bxf6 gxf6
14. fxe4 Ng6 15. exd5 Bd7 16. Nf3 Re8 17. Qb3 Rb8 18. Bd3 Re3 19. Rhe1 Qe7
20. Qb4 Rxe1 21. Rxe1 Qd6 22. Qxd6 cxd6 23. Kd2 Kf8 24. Nd4 Rc8 25. Nb5
Bxb5 26. cxb5 Rc5 27. c4 Ne5 28. Re4 a6 29. bxa6 bxa6 30. Kc3 Ra5 31. Bb1
Kg7 32. Rh4 h6 33. Kb3 Rc5 34. Bc2 Rc7 35. Kc3 Rc5 36. Rf4 Rc7 37. Bb3 Rc5
38. g3 Rc7 39. Bd1 Rc5 40. Be2 Ra5 41. Kb2 Rc5 42. Kb3 Ra5 43. h3 Rc5 44.
Rf5 Kg6 45. g4 Kg7 46. Rf2 Kg6 47. Rf1 Kg7 48. Rf4 Kg6 49. a3 Kg7 50. Kc3
Kg6 51. a4 Kg7 52. Rf5 Kg6 53. Kd4 Kg7 54. Rf1 Ra5 55. Bd1 Kg6 56. Bc2+ Kg7
57. Rb1 Rc5 58. Bd3 Ra5 59. Ra1 Kf8 60. Ra3 Kg7 61. Bc2 Rc5 62. Rc3 Kf8 63.
Bd1 Kg7 64. Be2 Ra5 65. Ra3 Kf8 66. Ke4 Kg7 67. Ra1 Kf8 68. Kf5 Kg7 69. Ra2
Rc5 70. Ke4 Nxc4 71. Rc2 Nb6 72. Rxc5 dxc5 73. a5 Nc8 74. Bxa6 Nd6+ 75. Kd3
f5 76. gxf5 Kf6 77. Bc4 Kxf5 78. a6 Nc8 79. d6
{wangle resigns} 1-0

[Event "ICS rated blitz match"]
[Site "164.58.253.13"]
[Date "1997.03.01"]
[Round "-"]
[White "Brause"]
[Black "gnusom"]
[Result "1-0"]
[WhiteElo "2209"]
[BlackElo "1779"]
[TimeControl "180"]

1. e4 e6 2. d4 d5 3. c4 dxe4 4. Nc3 Nc6 5. Be3 f5 6. f3 Nf6 7. Qa4 exf3 8.
Nxf3 Bd7 9. O-O-O Nxd4 10. Rxd4 Bxa4 11. Rxd8+ Rxd8 12. Nxa4 Ne4 13. c5 b6
14. Bc4 Nxc5 15. Nxc5 Bxc5 16. Bxc5 bxc5 17. Re1 O-O 18. Rxe6 Kh8 19. Re7
Rfe8 20. Rxc7 h6 21. Rxa7 g5 22. Rc7 g4 23. Nh4 Re1+ 24. Kc2 Rh1 25. Ng6#
{gnusom checkmated} 1-0

[Event "ICS rated blitz match"]
[Site "164.58.253.13"]
[Date "1997.03.01"]
[Round "-"]
[White "Brause"]
[Black "pusher"]
[Result "1-0"]
[WhiteElo "2210"]
[BlackElo "1830"]
[TimeControl "300"]

1. e4 e6 2. d4 d5 3. c4 dxe4 4. Nc3 f5 5. f3 Nf6 6. Bg5 Bb4 7. Qb3 a5 8.
O-O-O O-O 9. d5 Qe8 10. Bxf6 Rxf6 11. fxe4 Bxc3 12. Qxc3 fxe4 13. Qe5 Na6
14. Qxe4 Nc5 15. Qd4 b6 16. Nf3 exd5 17. cxd5 Bf5 18. Re1 Qf7 19. Bc4 Qg6
20. d6+ Be6 21. dxc7 Bxc4 22. Qxc4+ Kh8 23. Ne5 Qg5+ 24. Kb1 Qxg2 25. Nf7+
Kg8 26. Nd6+ Kh8 27. c8=Q+ Rxc8 28. Nxc8 Rc6 29. Re8#
{pusher checkmated} 1-0

[Event "ICS rated blitz match"]
[Site "164.58.253.13"]
[Date "1997.03.02"]
[Round "-"]
[White "Brause"]
[Black "fishbait"]
[Result "1-0"]
[WhiteElo "2220"]
[BlackElo "1850"]
[TimeControl "180+2"]

1. e4 e6 2. d4 d5 3. c4 dxe4 4. Nc3 f5 5. Be2 Bd7 6. Nh3 Nf6 7. O-O a6 8.
c5 c6 9. Bg5 Be7 10. Qb3 Qc7 11. Bf4 Qd8 12. Qxb7
{fishbait resigns} 1-0

[Event "ICS rated blitz match"]
[Site "164.58.253.13"]
[Date "1997.03.03"]
[Round "-"]
[White "Brause"]
[Black "turbotruth"]
[Result "1-0"]
[WhiteElo "2290"]
[BlackElo "1503"]
[TimeControl "300"]

1. e4 e6 2. d4 d5 3. c4 dxe4 4. Nc3 Nf6 5. f3 exf3 6. Nxf3 Nc6 7. d5 exd5
8. cxd5 Qe7+ 9. Be2 Ne5 10. O-O Nxf3+ 11. Rxf3 Qc5+ 12. Be3 Qd6 13. Nb5 Qd7
14. Rc1 c6 15. dxc6 Qxd1+ 16. Rxd1 Rb8 17. Nc7+ Ke7 18. Bc5#
{turbotruth checkmated} 1-0

[Event "ICS rated blitz match"]
[Site "192.231.221.16"]
[Date "1997.03.03"]
[Round "-"]
[White "Brause"]
[Black "Nissemann"]
[Result "1-0"]
[WhiteElo "2641"]
[BlackElo "2014"]
[TimeControl "300"]

1. e4 e6 2. d4 d5 3. c4 dxe4 4. Nc3 Nf6 5. f3 exf3 6. Nxf3 Bb4 7. Bg5 O-O
8. Qb3 Bxc3+ 9. Qxc3 Nc6 10. O-O-O Qe7 11. d5 exd5 12. cxd5 Nb4 13. Bc4 Qc5
14. a3 Nbxd5 15. Bxd5 Qxc3+ 16. bxc3 Nxd5 17. Rxd5 Be6 18. Re5 Rae8 19.
Rhe1 Bd7 20. Re7 Bc6 21. Rxc7 Bxf3 22. Rxe8 Rxe8 23. gxf3 f6 24. Bd2
{Nissemann resigns} 1-0

[Event "ICS rated blitz match"]
[Site "164.58.253.13"]
[Date "1997.03.05"]
[Round "-"]
[White "Brause"]
[Black "andante"]
[Result "1-0"]
[WhiteElo "2300"]
[BlackElo "2072"]
[TimeControl "300"]

1. e4 e6 2. d4 d5 3. c4 dxe4 4. Nc3 f5 5. Be2 Nf6 6. c5 Be7 7. Bb5+ c6 8.
Be2 b6 9. cxb6 axb6 10. Nh3 O-O 11. O-O Nbd7 12. Ng5 Nb8 13. Bc4 Nd5 14.
Qh5 h6 15. Nh3 Nd7 16. Bxh6 gxh6 17. Qg6+ Kh8 18. Qxh6+ Kg8 19. Qxe6+ Kh8
{andante resigns} 1-0

[Event "ICS rated blitz match"]
[Site "192.231.221.16"]
[Date "1997.03.07"]
[Round "-"]
[White "Brause"]
[Black "Mus"]
[Result "1-0"]
[WhiteElo "2645"]
[BlackElo "2131"]
[TimeControl "120+6"]

1. e4 e6 2. d4 d5 3. c4 dxe4 4. Nc3 f5 5. Be2 Nf6 6. Nh3 c6 7. O-O Bd6 8.
Bh5+ g6 9. Be2 Qc7 10. Bg5 Nbd7 11. g3 h6 12. Be3 b6 13. Nf4 Nf8 14. c5 Be7
15. cxb6 axb6 16. Qc1 g5 17. Nh5 Kf7 18. Nxf6 Bxf6 19. f3 exf3 20. Bxf3 Bb7
21. Bg2 Qd7 22. Qd2 Ng6 23. Rfd1 Kg7 24. Rac1 Rhd8 25. d5 cxd5 26. Bxb6
Rdc8 27. b3 Ne5 28. Bd4 Ng4 29. Bxf6+ Nxf6 30. Qd4 Kg6 31. a4 Ba6 32. Re1
Kf7 33. Na2 Rxc1 34. Rxc1 Qa7 35. Qxa7+ Rxa7 36. Nb4 Ne4 37. Nc6 Ra8 38.
Bxe4 fxe4 39. Kf2 Kf6 40. Rc5 Rc8 41. b4 Bb7 42. Nd4 Rxc5 43. bxc5 e5 44.
c6 Ba6 45. Nb3 d4 46. Nc5 e3+ 47. Ke1 Bc8 48. a5 Ke7 49. a6 Bxa6 50. Nxa6
Kd6 51. c7 Kd7 52. g4 Kc8 53. Ke2 e4 54. Nc5 Kxc7 55. Ne6+ Kd6 56. Nxd4 Ke5
57. Kxe3 Kd5 58. Nf5
{Mus resigns} 1-0

[Event "ICS rated blitz match"]
[Site "192.231.221.16"]
[Date "1997.03.07"]
[Round "-"]
[White "Brause"]
[Black "Mus"]
[Result "1-0"]
[WhiteElo "2649"]
[BlackElo "2127"]
[TimeControl "120+6"]

1. e4 e6 2. d4 d5 3. c4 dxe4 4. Nc3 f5 5. f3 exf3 6. Nxf3 c6 7. c5 Nf6 8.
Bc4 Be7 9. O-O O-O 10. Bg5 Nd5 11. Bxe7 Qxe7 12. Qe1 Qf6 13. Ne5 Nd7 14.
Ne4 Qh6 15. Nd6 N7f6 16. Rc1 Rb8 17. Rc2 Ne3 18. Nxf5
{Mus forfeits on time} 1-0

[Event "ICS rated blitz match"]
[Site "192.231.221.16"]
[Date "1997.03.07"]
[Round "-"]
[White "Brause"]
[Black "Informer"]
[Result "1-0"]
[WhiteElo "2656"]
[BlackElo "2072"]
[TimeControl "300"]

1. e4 e6 2. d4 d5 3. c4 dxe4 4. Nc3 Nf6 5. f3 exf3 6. Nxf3 Bd6 7. c5 Be7 8.
Bc4 b6 9. cxb6 axb6 10. O-O Bb7 11. Bf4 O-O 12. Qd3 Nc6 13. a3 h6 14. b4
Bd6 15. Be5 Bxe5 16. dxe5 Qxd3 17. Bxd3 Nd7 18. Be4 Rfd8 19. Nb5 Rab8 20.
Rae1 Rdc8 21. Bxc6 Bxc6 22. Na7 Bb7 23. Nxc8 Rxc8 24. Rd1 Nf8 25. Nh4 Nh7
26. Kf2 Bc6 27. Rd4 Kf8 28. Rc1 Bb5 29. Rd6 Ba6 30. Rdc6
{Informer resigns} 1-0

[Event "ICS rated blitz match"]
[Site "192.231.221.16"]
[Date "1997.03.07"]
[Round "-"]
[White "Brause"]
[Black "Informer"]
[Result "1-0"]
[WhiteElo "2658"]
[BlackElo "2070"]
[TimeControl "300"]

1. e4 e6 2. d4 d5 3. c4 dxe4 4. Nc3 Nf6 5. f3 c5 6. d5 exd5 7. cxd5 exf3 8.
Nxf3 Bd6 9. Bb5+ Nbd7 10. Qe2+ Qe7 11. Qxe7+ Kxe7 12. O-O Re8 13. Bg5 Kf8
14. Bxf6 gxf6 15. Rae1 a6 16. Bxd7 Bxd7 17. Ne4 Be5 18. Nxe5 Rxe5 19. Nxf6
Bb5 20. Rxe5
{Informer resigns} 1-0

[Event "ICS rated blitz match"]
[Site "192.231.221.16"]
[Date "1997.03.08"]
[Round "-"]
[White "Brause"]
[Black "Frank"]
[Result "1-0"]
[WhiteElo "2558"]
[BlackElo "2125"]
[TimeControl "300"]

1. e4 e6 2. d4 d5 3. c4 dxe4 4. Nc3 f5 5. Be2 Nf6 6. Be3 Bb4 7. Nh3 O-O 8.
O-O Bxc3 9. bxc3 c6 10. Bf4 h6 11. Qc2 g5 12. Be5 Nbd7 13. Bd6 Rf7 14. c5
Nf8 15. Rfe1 Ng6 16. Rab1 Ne8 17. Bh5 Qf6 18. Qc1 Nxd6 19. cxd6 Rd7 20.
Bxg6 Qxg6 21. Qa3 Qe8 22. f3 exf3 23. gxf3 Rg7 24. Kg2 b6 25. Rxb6 axb6 26.
Qxa8 Kh7 27. Nf2 Qd7 28. Nd3 Bb7 29. Qf8 g4 30. Ne5 gxf3+ 31. Kf2 Qc8 32.
Qxc8 Bxc8 33. Kxf3 c5 34. dxc5 bxc5 35. Kf4 Rg2 36. d7 Bxd7 37. Nxd7 Rxa2
38. Rxe6 Rxh2 39. Kxf5 Rc2 40. Re7+ Kg8 41. Kg6 Rg2+ 42. Kxh6 Rh2+ 43. Kg6
Rg2+ 44. Kf5 Rg3 45. c4 Rf3+ 46. Ke6 Rf4 47. Nf6+
{Frank resigns} 1-0

[Event "ICS rated blitz match"]
[Site "192.231.221.16"]
[Date "1997.03.08"]
[Round "-"]
[White "Brause"]
[Black "Frank"]
[Result "1-0"]
[WhiteElo "2539"]
[BlackElo "2144"]
[TimeControl "300"]

1. e4 e6 2. d4 d5 3. c4 dxe4 4. Nc3 f5 5. f3 exf3 6. Nxf3 Nf6 7. Be2 Bd6 8.
O-O O-O 9. Bg5 h6 10. Bh4 Nc6 11. Qd3 g5 12. Bf2 Ng4 13. Nb5 Nxf2 14. Rxf2
Be7 15. Rd1 a6 16. Nc3 g4 17. Ne1 Bf6 18. d5 Ne5 19. Qe3 Bg7 20. dxe6 Qh4
21. Nd5 Bxe6 22. Nxc7 f4 23. Qe4 f3 24. Nxe6 fxe2 25. Rxe2 Nf3+ 26. Nxf3
gxf3 27. Qxh4 fxe2 28. Re1
{Frank forfeits on time} 1-0

[Event "ICS rated blitz match"]
[Site "192.231.221.16"]
[Date "1997.03.08"]
[Round "-"]
[White "Brause"]
[Black "mega"]
[Result "0-1"]
[WhiteElo "2582"]
[BlackElo "2412"]
[TimeControl "300"]

1. e4 e6 2. d4 d5 3. c4 dxe4 4. Nc3 Nf6 5. f3 Bb4 6. Qa4+ Nc6 7. Be3 O-O 8.
O-O-O Bxc3 9. bxc3 Ne7 10. fxe4 Nxe4 11. Qc2 Nd6 12. Bd3 Ng6 13. Nf3 Nf5
14. Bxf5 exf5 15. Rhe1 f4 16. Bd2 Qf6 17. Qb1 Bf5 18. Qb5 c6 19. Qb3 b5 20.
cxb5 cxb5 21. Ne5 Rac8 22. Qxb5 Rb8 23. Qb3 Rxb3 24. axb3 h5 25. Kb2 a5 26.
Nxg6 Qxg6 27. Bxf4 Qxg2+ 28. Rd2 Qf3 29. Bd6 Rc8 30. Bc5 Be6 31. Re5 Qb7
32. b4 axb4 33. Bxb4 Rc4 34. h4 Rxb4+ 35. cxb4 Qxb4+ 36. Kc2 Qb3+ 37. Kc1
Qc3+ 38. Kd1 Bg4+ 39. Ree2
{Brause resigns} 0-1

[Event "ICS rated blitz match"]
[Site "192.231.221.16"]
[Date "1997.03.08"]
[Round "-"]
[White "Brause"]
[Black "mega"]
[Result "1-0"]
[WhiteElo "2559"]
[BlackElo "2435"]
[TimeControl "300"]

1. e4 e6 2. d4 d5 3. c4 dxe4 4. Nc3 Nf6 5. f3 Bb4 6. Qa4+ Nc6 7. a3 Bxc3+
8. bxc3 O-O 9. Bg5 h6 10. Bh4 Qd6 11. Bxf6 gxf6 12. fxe4 Qf4 13. Qc2 Qe3+
14. Be2 e5 15. d5 Ne7 16. Qd3 Qxd3 17. Bxd3 f5 18. O-O-O fxe4 19. Bxe4 f5
20. Bc2 Ng6 21. c5 Bd7 22. g4 Kh7 23. c6 bxc6 24. Bxf5 Bxf5 25. gxf5 Rxf5
26. dxc6 Raf8 27. Rd7+ R5f7 28. Nf3 e4 29. Nd4 Rxd7 30. cxd7 Rd8 31. Re1
Rxd7 32. Rxe4 Ne7 33. Ne6 Ng6 34. Rc4 Kg8 35. Rg4
{mega resigns} 1-0

[Event "ICS rated blitz match"]
[Site "192.231.221.16"]
[Date "1997.03.08"]
[Round "-"]
[White "Brause"]
[Black "mega"]
[Result "1-0"]
[WhiteElo "2580"]
[BlackElo "2414"]
[TimeControl "300"]

1. e4 e6 2. d4 d5 3. c4 dxe4 4. Nc3 Nf6 5. f3 Bb4 6. Qa4+ Nc6 7. a3 Bxc3+
8. bxc3 O-O 9. Bg5 h6 10. Bh4 Qd6 11. Bxf6 gxf6 12. fxe4 Qf4 13. Qc2 Qe3+
14. Be2 e5 15. d5 Na5 16. Qd3 Qxd3 17. Bxd3 f5 18. exf5 e4 19. Be2 Bxf5 20.
O-O-O Rad8 21. Rf1 Bg6 22. Nh3 c6 23. Nf4 Rd6 24. Kc2 b6 25. Nxg6 fxg6 26.
Rxf8+ Kxf8 27. Rf1+ Kg7 28. Rf4 cxd5 29. cxd5 Rxd5 30. Rxe4 Rd7 31. Rd4
Rxd4 32. cxd4 Kf6 33. Kd3 Ke6 34. Ke4 Nb7 35. Bc4+ Ke7 36. Ke5 Nd6 37. Bd3
g5 38. a4 Kd7 39. Kf6 Kc6 40. Ke6 Kc7 41. g4 Nb7 42. Kf7 Kd6 43. Kg7 Kd5
44. Ba6 Nd6 45. Kxh6 Kxd4 46. Kxg5 Ne4+ 47. Kh6 Nc5 48. g5 Ke5 49. g6 Nd7
50. g7
{mega resigns} 1-0

[Event "ICS rated blitz match"]
[Site "192.231.221.16"]
[Date "1997.03.08"]
[Round "-"]
[White "Brause"]
[Black "Rumpole"]
[Result "1/2-1/2"]
[WhiteElo "2631"]
[BlackElo "2344"]
[TimeControl "300"]

1. e4 e6 2. d4 d5 3. c4 dxe4 4. Nc3 f5 5. Be2 Nf6 6. Be3 Bb4 7. Nh3 c5 8.
a3 cxd4 9. Bxd4 Be7 10. Bh5+ g6 11. Be2 Nc6 12. Be3 Qxd1+ 13. Rxd1 O-O 14.
O-O Kg7 15. Nb5 e5 16. Nc7 f4 17. Nxf4 exf4 18. Bxf4 Bf5 19. Nxa8 Rxa8 20.
b4 h6 21. c5 g5 22. Bd6 Kf8 23. Rfe1 Bxd6 24. cxd6 Rd8 25. Rd2 a6 26. Rc1
Bd7 27. b5 axb5 28. Bxb5 Re8 29. Rc3 Re5 30. a4 Kg7 31. Rc4 Ne8 32. Rc1 Kf6
33. Kf1 Ke6 34. Bc4+ Kf6 35. Bb5 Ke6 36. Bc4+ Kf6 37. Bb5
{Game drawn by repetition} 1/2-1/2

[Event "ICS rated blitz match"]
[Site "192.231.221.16"]
[Date "1997.03.08"]
[Round "-"]
[White "Brause"]
[Black "blunite"]
[Result "1-0"]
[WhiteElo "2570"]
[BlackElo "2322"]
[TimeControl "300"]

1. e4 e6 2. d4 d5 3. c4 dxe4 4. Nc3 Nf6 5. f3 Bb4 6. Qa4+ Nc6 7. a3 Bxc3+
8. bxc3 O-O 9. Bg5 h6 10. Bh4 Bd7 11. Qc2 e3 12. Qe2 g5 13. Bg3 Ne7 14.
Qxe3 Nf5 15. Qe5 Rc8 16. Bd3 c5 17. Ne2 cxd4 18. cxd4 Bc6 19. Bxf5 exf5 20.
Qxf5 Bd7 21. Qd3 Be6 22. d5 Qa5+ 23. Kf1 Bd7 24. Be5 Nh7 25. Bc3 Qd8 26.
Qd4 f6 27. Qxa7 Rxc4 28. Qxb7 Bc8 29. Qb5 Rxc3 30. Nxc3 g4 31. fxg4 Bxg4
32. Qd3 f5 33. d6 Ng5 34. Qd5+ Kh7 35. Rc1 Ne4 36. Nxe4 fxe4+ 37. Ke1 Qf6
38. Qxe4+ Bf5 39. Qe7+ Kh8 40. Rf1
{blunite resigns} 1-0

[Event "ICS game"]
[Site "192.231.221.16"]
[Date "1997.03.10"]
[Round "-"]
[White "Brause"]
[Black "dynamo"]
[Result "1-0"]
[WhiteElo "2648"]
[BlackElo "1928"]
[TimeControl "300"]

1. e4 e6 2. d4 d5 3. c4 dxe4 4. Nc3 Bd7 5. Nxe4 Bc6 6. Nc3 Nf6 7. Nf3 Be7
8. Bd3 Bxf3 9. Qxf3 c6 10. Be3 Nbd7 11. O-O O-O 12. Rfb1 Qa5 13. c5 Rac8
14. a3 Rfe8 15. Rd1 a6 16. Bf4 Qd8 17. Bc2 g6 18. Bh6 Bf8 19. Bg5 Be7 20.
Be3 Nh5 21. Bd3 Ndf6 22. Bc4 Nd5 23. Ne4 f5 24. Nc3 Bg5 25. Bd2 Qf6 26.
Bxg5 Qxg5 27. Re1 Re7 28. Re5 Rce8 29. Rae1 Qd2 30. Qe2 Qxe2 31. R1xe2 Nhf6
32. Bxd5 Nxd5 33. Nxd5 cxd5 34. Kf1 Kf7 35. Ke1 Rc7 36. R2e3 Rc6 37. Kd2 b6
38. cxb6 Rxb6 39. b4 Ra8 40. Rc3 Ra7 41. g3 a5 42. bxa5 Rb2+ 43. Rc2 Rxc2+
44. Kxc2 Rxa5 45. Kb3 Ke7 46. h3 Kd6 47. Re3 Rb5+ 48. Kc3 h6 49. h4 g5 50.
hxg5 hxg5 51. g4 f4 52. Re5 Ra5 53. Kb4 Ra8 54. Rxg5 Rb8+ 55. Kc3 Rc8+ 56.
Kb3 Rb8+ 57. Ka2 Rc8 58. Rg7 Rc2+ 59. Kb3 Rxf2 60. Rf7 e5 61. Rf6+ Ke7 62.
dxe5 Rg2 63. Kc3 Rxg4 64. Kd4 f3+ 65. Kxd5 Rg3 66. a4 Rg4 67. Rxf3 Rxa4 68.
Rc3 Ra1 69. Rc7+ Ke8 70. Ke6 Rd1 71. Rc8+ Rd8 72. Rxd8+ Kxd8
{dynamo resigns} 1-0

[Event "ICS rated blitz match"]
[Site "192.231.221.16"]
[Date "1997.03.10"]
[Round "-"]
[White "Brause"]
[Black "hanibal"]
[Result "1-0"]
[WhiteElo "2504"]
[BlackElo "2190"]
[TimeControl "300"]

1. e4 e6 2. d4 d5 3. c4 dxe4 4. Nc3 b6 5. Nxe4 Bb7 6. Nc3 Nd7 7. Be3 Ngf6
8. Nf3 Be7 9. Be2 O-O 10. O-O c5 11. d5 exd5 12. cxd5 Bd6 13. Bc4 a6 14.
Bg5 h6 15. Bh4 b5 16. Bb3 Qc7 17. a3 Rfe8 18. Rb1 c4 19. Bc2 Qc5 20. Bf5
Re7 21. Bxd7 Rxd7 22. Bxf6 gxf6 23. Ne4 Qc7 24. Nxf6+ Kg7 25. Qd4 Bc5 26.
Ne8+ Kf8 27. Qh8+
{hanibal resigns} 1-0

[Event "ICS rated blitz match"]
[Site "192.231.221.16"]
[Date "1997.03.10"]
[Round "-"]
[White "Brause"]
[Black "Braincan"]
[Result "0-1"]
[WhiteElo "2509"]
[BlackElo "2579"]
[TimeControl "120+8"]

1. e4 e6 2. d4 d5 3. c4 dxe4 4. Nc3 Nf6 5. f3 Bb4 6. Qa4+ Nc6 7. Be3 O-O 8.
Be2 Qd6 9. a3 Bxc3+ 10. bxc3 e5 11. d5 Ne7 12. Qb4 b6 13. Qxd6 cxd6 14. Bg5
Bf5 15. a4 h6 16. Bxf6 gxf6 17. a5 Rfc8 18. fxe4 Bxe4 19. Nf3 f5 20. axb6
axb6 21. Kf2 Ra5 22. Rxa5 bxa5 23. Ra1 Bxf3 24. Kxf3 Rc5 25. Rb1 Kg7 26.
Rb8 Nc8 27. Ke3 a4 28. Bd3 e4 29. Be2 Ra5 30. Bd1 Ne7 31. Rb2 a3 32. Ra2
Nc8 33. g4 fxg4 34. Bxg4 Nb6 35. Kxe4 Nxc4 36. Bd7 Ne5 37. Be8 Kf6 38. Bc6
Ke7 39. h3 Kd8 40. h4 Kc7 41. Be8 Kb6 42. Kd4 Ra8 43. Bc6 Nxc6+ 44. dxc6
Kxc6 45. Kc4 f5 46. Kd4 Ra4+ 47. Ke3 Kd5 48. Kd3 Kc5 49. h5 f4 50. Ra1 a2
51. Kd2 f3 52. Ke3 Kc4 53. Kxf3 Kxc3 54. Ke3 Kb2 55. Rd1 a1=Q 56. Rxa1 Rxa1
57. Kd4 Ra5 58. Kd3 Rxh5 59. Ke4 Kc3 60. Kf3 d5 61. Kg4 Rg5+ 62. Kf4 d4 63.
Ke4 d3 64. Kf4 d2 65. Ke3 d1=Q 66. Kf2 Rg1 67. Ke3 Rf1 68. Ke4 Qd4#
{Brause checkmated} 0-1

[Event "ICS rated blitz match"]
[Site "164.58.253.13"]
[Date "1997.03.12"]
[Round "-"]
[White "Brause"]
[Black "psab"]
[Result "1-0"]
[WhiteElo "2323"]
[BlackElo "2145"]
[TimeControl "180"]

1. e4 e6 2. d4 d5 3. c4 dxe4 4. Nc3 c5 5. d5 f5 6. Bf4 Bd6 7. Bxd6 Qxd6 8.
Nb5 Qb6 9. d6 Na6 10. Qh5+ g6 11. Qh3 Bd7 12. Qc3 O-O-O 13. Qxh8 Nb4 14.
O-O-O Qa5 15. a3 Bxb5 16. cxb5 Nd5 17. Qxh7 c4 18. Qf7 Nf4 19. Bxc4
{psab resigns} 1-0

[Event "ICS rated blitz match"]
[Site "164.58.253.13"]
[Date "1997.03.12"]
[Round "-"]
[White "Brause"]
[Black "psab"]
[Result "1-0"]
[WhiteElo "2325"]
[BlackElo "2121"]
[TimeControl "180"]

1. e4 e6 2. d4 d5 3. c4 dxe4 4. Nc3 f5 5. Be2 Nf6 6. Be3 Be7 7. Nh3 O-O 8.
O-O Nc6 9. Qd2 e5 10. dxe5 Nxe5 11. Qxd8 Rxd8 12. Bf4 Nd3 13. Bxc7 Rd7 14.
Bxd3 Rxc7 15. Be2 Be6 16. b3 Bd6 17. Nb5 Rc6 18. Nd4 Be5 19. Nxc6 Bxa1 20.
Na5 Be5 21. Nxb7 Rc8 22. Rd1 h6 23. Rd8+ Rxd8 24. Nxd8 Bd7 25. c5 Bc7 26.
Bc4+ Kh7 27. Ne6 Bxe6 28. Bxe6 g6 29. g3 Kg7 30. Kh1 Kf8 31. b4 Ke7 32. Bc4
Nd7 33. Bg8 Ne5 34. Nf4 Kf8 35. Bd5 Nd3 36. Ne6+ Ke7 37. Nxc7 Nxb4 38. Kg1
Kd7 39. a3 Nc2 40. Nb5 a6 41. c6+ Ke7 42. c7 axb5 43. c8=Q
{psab resigns} 1-0